[Event "CIS Master Groups 2024"]
[Site "Vasto"]
[Date "2024.04.11"]
[Round "6.15"]
[White "Piscopo, Pierluigi"]
[Black "Bettalli, Francesco"]
[Result "0-1"]
[ECO "B30"]
[WhiteElo "2312"]
[BlackElo "2309"]
[Annotator "TA"]
[PlyCount "122"]
[EventDate "2024.04.07"]
[EventType "team-tourn"]
[EventCountry "ITA"]
[SourceTitle "playchess.com"]
[Source "ChessBase"]
[SourceQuality "1"]
[TimeControl "40/5400+30:900+30"]

1. e4 c5 2. Nf3 Nc6 3. Bb5 e5 4. O-O Bd6 5. a3 a6 6. Bc4 Nf6 7. d3 Be7 8. Nc3 {[%emt 0:13:01] The position is equal.} d6 9. Ng5 O-O 10. f4 exf4 11. Bxf4 Nd4 12. Qd2 Ne6 13. Rae1 Nxg5 14. Bxg5 Be6 15. Bxe6 fxe6 16. Qe2 Nd7 17. Bf4 Qe8 18. Nb1 Qg6 19. Nd2 b5 20. Rf3 Qh5 (20... Rf7 $11 {remains equal.}) 21. Bg3 (21. Bxd6 $1 $16 {And now Rxf8+ would win.} Rxf3 22. Bxe7) 21... Rxf3 22. Nxf3 Nb8 23. c3 Nc6 24. d4 cxd4 (24... Na5 $11) 25. cxd4 $14 Bf6 26. e5 (26. Bxd6 $2 Nxd4 27. Nxd4 Bxd4+ 28. Kh1 Qxe2 29. Rxe2 Rd8 $17) 26... dxe5 27. dxe5 Be7 28. Rc1 Qe8 29. Qe4 Rc8 30. Bf4 Na5 31. Rxc8 Qxc8 32. h4 Nc4 33. Qc2 Qd8 34. h5 (34. Kh2 $11 {keeps the balance.}) 34... Qe8 (34... Qf8 $1 $17 35. Bg3 Qf5) 35. h6 {[%emt 0:00:39] [#]} (35. b3 $11 Qxh5 (35... Nxa3 36. Qc7 $11) 36. Kf2 (36. bxc4 $2 Bc5+ $19) 36... Nxa3 37. Qc8+ Kf7 38. Qd7) 35... Qh5 $1 $17 {[%emt 0:00:06] Strongly threatening ...Bc5+.} 36. Nh2 (36. b4 $17) 36... gxh6 $19 37. g3 $2 (37. a4 {was necessary.}) 37... Qg6 (37... Nxe5 38. Qe4 Bf6 39. b3 $19 (39. g4 $2 Qg6 $19)) 38. Qc1 Qe4 {[%emt 0:00:32] aiming for ...Bc5+.} 39. Ng4 Qe2 40. Nf6+ Bxf6 41. exf6 Qxb2 {[%emt 0:15:39][%mdl 4096] Endgame. KQB-KQN} 42. Qd1 {[%emt 0:00:00] Threatening mate with Qg4+.} Qxf6 (42... Qxa3 43. Qg4+ (43. Bxh6 $2 Qxg3+ 44. Kh1 Qh3+ 45. Kg1 Qxh6 $19) 43... Kf7 44. Qg7+ (44. Bxh6 $2 Qa1+ 45. Kg2 Qb2+ 46. Kg1 Qb1+ 47. Kg2 Qc2+ 48. Kg1 Qg6 $19) 44... Ke8 45. f7+ (45. Bxh6 Qc5+ 46. Kf1 Qf5+ 47. Kg1 Qc5+ 48. Kf1 Qf5+ 49. Kg1 Qc5+ $11) 45... Kd7 46. f8=Q+ (46. f8=B+ Kc6 $18) 46... Kc6 47. Qc8+ (47. Bxh6 Qxf8 48. Qxf8 e5 $18) 47... Kd5 48. Qgd7+ (48. Bxh6 Qc5+ 49. Qxc5+ Kxc5 $18) (48. Bxh6 Qc5+ 49. Qxc5+ Kxc5 $18)) 43. Qd7 e5 (43... Nxa3 44. Qe8+ Kg7 45. Qd7+ Kf8 46. Bd6+ Kg8 47. Qc8+ Kf7 48. Bxa3 $11) 44. Qe8+ Kg7 45. Qd7+ Qf7 46. Qg4+ (46. Bxh6+ Kg6 47. Qh3) 46... Kf6 47. Bxh6 Qg6 {[%emt 0:00:00] Repels Bg5+} (47... Nxa3 $2 {loses.} 48. Bg5+ Kg7 49. Bf4+ Qg6 50. Bxe5+ Kg8 51. Qc8+ Kf7 52. Qd7+ Kg8 53. Qd5+ Qf7 54. Qd8+ Qf8 55. Qg5+ Kf7 56. Qf6+ Kg8 57. Qe6+ (57. Qxa6 Qc5+ 58. Kg2 Qxe5 $15) 57... Qf7 58. Qg4+ (58. Qxa6 Qf5 $11) 58... Qg6 59. Qc8+ Kf7 60. Qd7+ Kg8 61. Qd5+ Kf8 62. Qf3+ Ke8 63. Qxa3 $16) 48. Qf3+ Ke6 49. Bf8 e4 50. Qf4 Ne5 51. Bb4 Qg4 (51... Kd5 $142 52. Kg2 Nd3) 52. Qh6+ {[%emt 0:00:00] [#]} Qg6 $2 (52... Ng6 $1 $19 53. Be1 Qd1) 53. Qe3 (53. Qf4 $11 {and White is okay.} Qg5 54. Qxe4) 53... h5 54. Qb6+ $2 (54. Kg2) 54... Kf5 55. Qf2+ Nf3+ 56. Kf1 Kg4 57. Qc2 Qf5 {[%emt 0:00:17] White must now prevent ...Nd4+.} (57... Kxg3 $2 {is the wrong capture.} 58. Qg2+ Kf4 59. Qxg6 $18) 58. Kg2 Nd4 {[%emt 0:01:02] Black mates.} 59. Qc7 Qf3+ 60. Kh2 Qf2+ 61. Kh1 Qf1+ {[%emt 0:00:09] Weighted Error Value: White=0.61/Black=0.31.  Loses game:     	White=1     	---        Missed win:     	---       	Black=1      Mistake:       	White=7     	Black=4      Inaccurate:     	White=5     	Black=3      OK:         	White=12    	Black=20     Best:        	White=2     	Black=3      Strong:       	---       	Black=1} 0-1

[Event "CIS Master Groups 2024"]
[Site "Vasto"]
[Date "2024.04.11"]
[Round "6.16"]
[White "Pescatore, Lorenzo"]
[Black "Zawadzka, Jolanta"]
[Result "1/2-1/2"]
[ECO "B06"]
[WhiteElo "2358"]
[BlackElo "2351"]
[Annotator "TA"]
[PlyCount "159"]
[EventDate "2024.04.07"]
[EventType "team-tourn"]
[EventCountry "ITA"]
[SourceTitle "playchess.com"]
[Source "ChessBase"]
[SourceQuality "1"]
[TimeControl "40/5400+30:900+30"]

1. e4 c5 2. c3 d5 3. exd5 Qxd5 4. d4 g6 5. Nf3 Bg7 6. Na3 cxd4 7. Bc4 {[%emt 0:02:22] B06: Modern Defence.} Qe4+ 8. Be3 Nh6 9. cxd4 {[%emt 0:07:28] 9.Nb5 injects fresh life into this line.} O-O 10. Nb5 Nc6 11. Nc3 {[%emt 0:08:17] 11.Qd2 is vanishing.} Qg4 12. h3 Qh5 13. Qd2 Ng4 14. O-O Nxe3 15. Qxe3 $146 ({Predecessor:} 15. fxe3 b6 16. a3 Bb7 17. b4 Rad8 18. Rad1 Kh8 19. Qf2 f5 20. b5 Na5 21. Ba2 {0-1 Griffith,K (2320)-Georgiadis,N (2479) Arlington DC op 3rd 2015 (5)}) 15... Bd7 16. Rfe1 e6 17. Rad1 Nb4 18. Bb3 Rad8 19. a3 Nd5 20. Nxd5 exd5 21. Ne5 Be6 22. g4 Qh4 23. Kg2 Rfe8 24. Qg3 Qxg3+ 25. Kxg3 Rc8 26. Rc1 Kf8 27. f4 b6 28. Kf3 Red8 29. Ke3 f6 30. Nd3 Ke7 31. Nb4 Kd6 32. Nd3 h5 (32... Rxc1 {simplifies} 33. Rxc1 Re8 34. Kf3 Bd7) 33. Kf3 (33. Rxc8 {simplifies} Bxc8 34. gxh5 gxh5 35. Rg1) 33... hxg4+ 34. hxg4 Rxc1 35. Rxc1 Rh8 36. Kg3 f5 (36... Bd7 $11) 37. Ne5 $14 Bxe5 (37... Rc8 $14 38. Rxc8 Bxc8) 38. fxe5+ Kd7 39. Ba4+ Kd8 40. Rc6 Bc8 41. Rxg6 ({White should try} 41. Bd1 $16) 41... fxg4 $11 42. Kf4 Rh2 43. Rg8+ Kc7 44. Rg7+ Kd8 45. e6 (45. Rxa7 Rf2+ 46. Ke3 Rf3+ 47. Ke2 Rf4) 45... Bxe6 46. Ke5 Rh6 (46... Re2+ 47. Kd6 g3 48. Rxg3 $16 (48. Rxa7 g2 $11)) 47. Bc6 Bc8 48. Bxd5 Bd7 (48... Rh5+ $11 49. Kd6 Rh6+ 50. Ke5 Rh5+ 51. Ke4 Rh2) 49. Bc4 (49. Bf7 $1 $16) 49... Kc7 (49... Rh5+ $11 50. Ke4 Rh2) 50. d5 $16 Rh5+ {[%emt 0:00:18] [#]} 51. Kd4 $1 Kd6 52. Rg6+ Kc7 53. Rg7 (53. b4 $5 Be8 54. Rg8 $16 (54. Rxg4 Kd6 $11)) 53... Kd6 $1 54. Rg6+ Kc7 {[%emt 0:00:02] [#]} 55. d6+ (55. b4 $1 $16 {d6+ is the strong threat.} Rh8 56. d6+ Kd8 57. Rg7 (57. Rg8+ $2 Rxg8 58. Bxg8 g3 $19)) 55... Kc6 $14 56. a4 a6 $1 57. Bxa6 Rd5+ 58. Ke3 Rxd6 59. Bb5+ Kc5 60. b4+ Kd5 $1 61. Rg5+ Ke6 62. Bxd7+ Kxd7 63. Rxg4 Kc6 64. Rc4+ Kb7 65. Rd4 Rh6 66. Kd3 Kc6 67. Kc4 b5+ 68. axb5+ Kb6 69. Rd5 Rh4+ 70. Kb3 Rh1 71. Rc5 Rb1+ 72. Kc3 Rc1+ 73. Kd4 Rd1+ 74. Kc4 Rc1+ 75. Kd5 Rd1+ 76. Ke5 Rb1 77. Rc8 Rxb4 78. Rb8+ Kc7 79. Rh8 Rxb5+ 80. Ke4 1/2-1/2

[Event "CIS Master Groups 2024"]
[Site "Vasto"]
[Date "2024.04.11"]
[Round "6.17"]
[White "Milliet, Sophie"]
[Black "Socko, Monika"]
[Result "1/2-1/2"]
[ECO "B28"]
[WhiteElo "2392"]
[BlackElo "2428"]
[Annotator "TA"]
[PlyCount "92"]
[EventDate "2024.04.07"]
[EventType "team-tourn"]
[EventCountry "ITA"]
[SourceTitle "playchess.com"]
[Source "ChessBase"]
[SourceQuality "1"]
[TimeControl "40/5400+30:900+30"]

1. e4 e6 2. d4 d5 3. e5 c5 4. c3 Bd7 5. Nf3 a6 6. Be3 Qb6 7. Qb3 Qxb3 8. axb3 {[%emt 0:00:04] White is slightly better.} cxd4 9. Nxd4 Nc6 10. Nxc6 Bxc6 {[%emt 0:00:16] Black is weak on the dark squares} 11. b4 Rc8 12. Na3 Ne7 13. b5 axb5 14. Nxb5 Nf5 {[%emt 0:02:31] Prevents Nd6+} 15. Bb6 Be7 16. Bd3 O-O 17. Nd4 Nxd4 18. Bxd4 f6 19. O-O fxe5 20. Bxe5 Ra8 21. g3 Bf6 22. Rxa8 Rxa8 23. f4 Ra2 24. Rb1 Be7 25. Bd4 Be8 26. f5 Bd7 27. Re1 Rxb2 (27... Kf7 $1 $11 {keeps the balance.}) 28. fxe6 $16 Bc8 29. Bf5 {[%emt 0:00:26] White is more active.} Ra2 {[%emt 0:00:20] Against Ra1} 30. Bg4 {[%emt 0:09:44] And now Rf1 would win.} Ra6 31. Bf3 Bxe6 {[%emt 0:02:17] [#]} (31... Rxe6 $2 {is the wrong capture.} 32. Bxd5 Kf7 33. Bxg7 $18 (33. Bxe6+ Bxe6 34. Bxg7 b5 $18)) 32. Rxe6 $1 Rxe6 33. Bxd5 {[%emt 0:00:03] This pair of bishops is nice.} Kf7 34. Bxe6+ (34. Bxg7 $5 Kxg7 35. Bxe6 $11) 34... Kxe6 35. Bxg7 $14 {[%emt 0:00:03][%mdl 4096] Endgame. KB-KB} Kd5 36. Kf2 Ke4 37. Ke2 b5 38. Bh6 b4 39. cxb4 Bxb4 40. Kf2 Kf5 41. Kf3 Kg6 42. Bf4 h5 43. g4 Bc5 {[%emt 0:00:18] The position is equal.} 44. h3 hxg4+ 45. Kxg4 Be7 46. h4 Bxh4 {[%emt 0:08:43] Weighted Error Value: White=0.07 (flawless) /Black=0.09 (flawless) .  Mistake:       	---       	Black=1      Inaccurate:     	White=2     	---        OK:         	White=10    	Black=16     Best:        	White=2     	Black=3} 1/2-1/2

[Event "CIS Master Groups 2024"]
[Site "Vasto"]
[Date "2024.04.11"]
[Round "6.18"]
[White "Zimina, Olga"]
[Black "Gueci, Tea"]
[Result "1-0"]
[ECO "D02"]
[WhiteElo "2299"]
[BlackElo "2205"]
[Annotator "TA"]
[PlyCount "87"]
[EventDate "2024.04.07"]
[EventType "team-tourn"]
[EventCountry "ITA"]
[SourceTitle "playchess.com"]
[Source "ChessBase"]
[SourceQuality "1"]
[TimeControl "40/5400+30:900+30"]

1. Nf3 d5 2. g3 Nc6 3. d4 Bf5 4. Nh4 Be4 5. f3 Bg6 6. Bg2 e6 7. Nxg6 hxg6 8. c3 {[%emt 0:00:32] The position is equal.} Qd7 9. Be3 Nf6 10. Bf2 Be7 11. Nd2 (11. h4 $5) 11... Nh5 (11... e5 $11) 12. e4 f5 13. e5 g5 14. Bf1 Nd8 15. b4 a5 16. a3 b6 17. Bd3 g6 (17... c5 $14 {might be stronger.}) 18. O-O $16 Nf7 19. b5 (19. Qb1 $16) 19... O-O (19... O-O-O $14) 20. c4 c5 (20... Rac8 $16 {was called for.} 21. Qb3 Kh8) 21. bxc6 $18 Qxc6 22. cxd5 exd5 (22... Qxd5 $16 23. Rb1 Ng7 (23... Nxe5 24. Rb5 $18)) 23. Rc1 Qe6 (23... Qb7 $142 24. Nb1 b5) 24. Qb3 g4 25. fxg4 fxg4 26. Ne4 (26. Rc7 $18 {Strongly threatening Bb5.} Rac8 27. Rb7) 26... Ng7 $16 {[%emt 0:07:34][%cal Oa5a4] [#]} 27. Nf6+ Bxf6 28. exf6 Nf5 29. Rce1 Qd7 ({Black should try} 29... Qxf6 $14 30. Qxd5 Rfe8) 30. Bxf5 $18 (30. Qxb6 $6 Ng5 $14) 30... gxf5 31. Be3 {[%emt 0:00:24] White is more active.} (31. Re7 $16 Qc6 32. Rfe1) 31... Rae8 {[%emt 0:02:18] Black is weak on the dark squares} 32. Qxb6 Nd6 33. f7+ Rxf7 (33... Kxf7 $14 34. a4 (34. Qxa5 Nc4 $11) 34... Rg8) 34. Bf4 $1 $16 (34. Qxa5 $6 Nc4 35. Qc3 Rfe7 $11) 34... Ne4 {[%emt 0:01:50] [#]} ({Black should play} 34... Rxe1 35. Rxe1 Re7) 35. Be5 ({Resist} 35. Qxa5 $6 Qb7 $14) ({Only move:} 35. Rc1 $1 $16 {[%cal Rc1c7] Hoping for Rc7!} Rf6 36. Qxa5) 35... Re6 $1 $11 36. Qxa5 {[%emt 0:01:21] Threatening Rb1.} Ng5 37. Qc3 f4 $1 38. gxf4 ({Much weaker is} 38. Rxf4 Rxf4 39. gxf4 Nf3+ 40. Kf2 Nxe1 41. Kxe1 Rc6 $11) 38... Nf3+ 39. Rxf3 gxf3 40. Qxf3 {[%emt 0:00:08] Qh5 would now be deadly.} Rg6+ 41. Kh1 Kh7 42. Rf1 {[%emt 0:00:00] And now f5 would win.} Rf5 $2 (42... Qf5 $11 43. h3 (43. Qxd5 Rfg7 $11) 43... Ra7) 43. Rc1 {[%emt 0:00:00] Black must now prevent Rc7.} Kg8 $2 {[%emt 0:05:23] [#]} (43... Rf7 44. Rc7 Qxc7 45. Bxc7 Rxc7 46. Qh5+ (46. Qxd5 $2 Rc1#) 46... Rh6 47. Qxd5 Re7) 44. Qh3 $1 {[%emt 0:00:00] Weighted Error Value: White=0.31/Black=0.45.  Loses game:     	---       	Black=1      Mistake:       	White=5     	Black=10     Inaccurate:     	White=5     	Black=2      OK:         	White=8     	Black=6      Best:        	White=1     	Black=2      Strong:       	White=2     	Black=2} 1-0

[Event "CIS Master Groups 2024"]
[Site "Vasto"]
[Date "2024.04.11"]
[Round "6.19"]
[White "Grimaldi, Angela Flavia"]
[Black "Paolillo, Gaia"]
[Result "1/2-1/2"]
[ECO "C10"]
[WhiteElo "1983"]
[BlackElo "2057"]
[Annotator "TA"]
[PlyCount "89"]
[EventDate "2024.04.07"]
[EventType "team-tourn"]
[EventCountry "ITA"]
[SourceTitle "playchess.com"]
[Source "ChessBase"]
[SourceQuality "1"]
[TimeControl "40/5400+30:900+30"]

1. e4 e6 2. d4 d5 3. Nc3 dxe4 4. Nxe4 Bd7 5. Nf3 Bc6 6. Bd3 Nd7 7. O-O Ngf6 8. Ng3 g6 9. Qe2 Bg7 10. Ne5 O-O {[%emt 0:09:04] White is slightly better.} 11. Nxc6 bxc6 12. Ne4 Rb8 13. c3 Nxe4 14. Bxe4 ({But not} 14. Qxe4 c5 $15) 14... c5 15. d5 {[%emt 0:18:40] White wants to play dxe6.} e5 16. Rd1 f5 17. Bc2 Qf6 18. Ba4 Nb6 (18... Qd6 $11 {feels stronger.}) 19. Bb3 (19. Bc6 $14) 19... Qd6 $11 20. Qb5 Kh8 21. f3 f4 {[%emt 0:04:51][%cal Oe5e4] Prevents Be3.} 22. Kh1 Rfd8 23. Qe2 c4 24. Bc2 (24. Bxc4 $11 Nxc4 (24... c6 25. Bb3 $14) 25. Qxc4) 24... Qc5 $15 25. b4 cxb3 26. Bxb3 a5 27. Qe4 a4 28. Bxa4 Nxd5 29. Bd2 Nxc3 30. Bxc3 Qxc3 31. Rdc1 {[%emt 0:00:41] White is weak on the dark squares} Qb4 32. Bc6 Bf6 ({Black should try} 32... Qd2 $17 {Strongly threatening ...Rb4.} 33. Rab1 Qxa2 34. Rxb8 Rxb8) 33. Rab1 (33. Qxb4 {simplifies} Rxb4 34. Be4 Ra4 35. g4) 33... Qd2 (33... Qxe4 {simplifies} 34. Bxe4 Rxb1 35. Bxb1 Be7) 34. a4 Rb2 35. Rg1 Rd4 36. Rxb2 Qxb2 37. Qb1 Qb6 38. Qxb6 cxb6 {[%emt 0:00:04][%mdl 4096] Endgame. KRB-KRB} 39. h3 (39. g3 $15) 39... Kg7 40. Rb1 Bd8 41. Kg1 Kf6 42. Kf1 Rd2 43. Be4 Kg5 44. Rb5 Kf6 (44... Bc7 $17) 45. Rd5 {[%emt 0:00:00] Weighted Error Value: White=0.16 (very precise) /Black=0.14 (very precise) .  Mistake:       	White=3     	Black=3      Inaccurate:     	White=7     	Black=3      OK:         	White=12    	Black=14     Best:        	---       	Black=1} 1/2-1/2

[Event "CIS Master Groups 2024"]
[Site "Vasto"]
[Date "2024.04.11"]
[Round "6.20"]
[White "Di Primio, Eugenia"]
[Black "Martinelli, Valeria"]
[Result "0-1"]
[ECO "C50"]
[WhiteElo "1934"]
[BlackElo "2034"]
[Annotator "TA"]
[PlyCount "64"]
[EventDate "2024.04.07"]
[EventType "team-tourn"]
[EventCountry "ITA"]
[SourceTitle "playchess.com"]
[Source "ChessBase"]
[SourceQuality "1"]
[TimeControl "40/5400+30:900+30"]

1. e4 e5 2. Bc4 Nc6 3. Nf3 Bc5 4. d3 Nf6 5. a4 d6 6. Nc3 a6 7. Be3 Nd4 8. O-O {[%emt 0:10:33] The position is equal.} Bg4 9. Bxd4 Bxd4 10. h3 Bh5 11. Qe2 Ba7 12. Nd1 O-O 13. Ne3 c6 14. g4 Bg6 15. Bb3 Kh8 16. Nh4 Nd7 17. Nhf5 Nc5 18. Bc4 Ne6 19. Qf3 Rc8 20. Rad1 (20. c3 $11) 20... Ng5 (20... Bxf5 $17 21. gxf5 Nf4) 21. Qg2 $15 Ne6 22. Qf3 Qf6 23. h4 Bxf5 24. Nxf5 h6 (24... Qd8 $17 {Strongly threatening ...g6.} 25. g5 d5 26. exd5 cxd5 27. Qxd5 Qxd5 28. Bxd5 Rxc2) 25. Qg3 (25. g5 $1 $11 Qd8 26. c3 (26. gxh6 $2 g6 $17)) 25... Nf4 $36 {[%emt 0:00:07][%mdl 2048] White is under pressure.} 26. Rfe1 {[%emt 0:00:37] Prevents Ne2+.} d5 27. Bb3 Rcd8 (27... d4 {simplifies} 28. h5 Bc5 29. Qh4 Qxh4 30. Nxh4 Be7) 28. g5 hxg5 (28... Qg6 $15 29. gxh6 Qxg3+ (29... gxh6 30. Kf1 $17) 30. Nxg3 g5) 29. exd5 $2 {[%emt 0:01:01][%mdl 8192] Now White is beyond hope.} (29. hxg5 $11 Qe6 30. d4) 29... Qxf5 $19 {[%emt 0:00:22] Black is clearly winning.} 30. dxc6 bxc6 31. hxg5 Rd6 {[%emt 0:01:02] [#] Threatens to win with ...Rg6.} 32. Qh4+ Kg8 {[%emt 0:00:05] Weighted Error Value: White=0.67/Black=0.19 (very precise) .  Loses game:     	White=1     	---        Mistake:       	White=2     	Black=3      Inaccurate:     	White=5     	Black=3      OK:         	White=10    	Black=8      Best:        	---       	Black=1} 0-1

[Event "CIS Master Groups 2024"]
[Site "Vasto"]
[Date "2024.04.11"]
[Round "6.21"]
[White "Moroni, Luca Jr"]
[Black "Favaloro, Andrea"]
[Result "1/2-1/2"]
[ECO "D36"]
[WhiteElo "2580"]
[BlackElo "2412"]
[Annotator "TA"]
[PlyCount "82"]
[EventDate "2024.04.07"]
[EventType "team-tourn"]
[EventCountry "ITA"]
[SourceTitle "playchess.com"]
[Source "ChessBase"]
[SourceQuality "1"]
[TimeControl "40/5400+30:900+30"]

1. c4 e6 2. Nc3 d5 3. d4 Nf6 4. cxd5 exd5 5. Bg5 Be7 6. e3 O-O 7. Bd3 Re8 8. Nge2 c6 9. O-O Nbd7 10. Qc2 Nf8 11. Rae1 g6 12. f3 Ne6 13. Bh4 b6 14. Kh1 Bb7 15. Bf2 c5 {[%emt 0:01:05] [#] Strongly threatening ...c4.} 16. Qd2 a6 17. Bb1 b5 18. dxc5 Bxc5 19. a3 Nd7 20. b4 ({Much weaker is} 20. Nxd5 Nb6 21. e4 Nxd5 22. exd5 Qxd5 $15) 20... Bf8 21. Rd1 ({Much worse is} 21. Nxd5 Nb6 22. e4 Nxd5 23. exd5 Bxd5 $15) 21... Ne5 22. Qa2 (22. Qc1 $5) 22... a5 23. Nxd5 (23. Qb3 $11) 23... axb4 $15 24. Be4 (24. Nxb4 $15 Qb8 25. Qb3) 24... Rxa3 (24... bxa3 $17 {Threatens to win with ...Nc4.} 25. Nec3 Nc4 (25... b4 26. Nxb4 Qc8 27. Bxb7 $15)) 25. Qb2 Nc5 ({Black should play} 25... Bd6 $17 {White must now prevent ...Bxd5.} 26. Nxb4 Nc4) 26. Nxb4 $11 Qa5 27. Bxb7 {[%emt 0:00:25] [#] And now Bd5 would win.} Rb3 28. Qa1 Qxa1 29. Rxa1 Rxb4 {[%emt 0:02:22] The position is equal.} 30. Bd5 Rb2 31. Nd4 Ned3 32. Bg1 Nb4 {[%emt 0:00:57] A dynamic duo of knights.} 33. e4 Nxd5 34. exd5 Rd8 35. Nc6 Rxd5 36. Ra8 Re2 {[%emt 0:04:01] Inhibits Ne7+.} 37. Nd4 Rd2 38. Nxb5 Rd1 39. Rxf8+ Kxf8 40. Bxc5+ Rxc5 41. Rxd1 Rxb5 {[%emt 0:15:07] Weighted Error Value: White=0.13 (very precise) /Black=0.11 (very precise) .  Mistake:       	White=2     	Black=2      Inaccurate:     	White=2     	Black=3      OK:         	White=13    	Black=12     Best:        	White=2     	Black=3} 1/2-1/2

[Event "CIS Master Groups 2024"]
[Site "Vasto"]
[Date "2024.04.11"]
[Round "6.22"]
[White "Iturrizaga Bonelli, Eduardo"]
[Black "Pelletier, Yannick"]
[Result "1/2-1/2"]
[ECO "A30"]
[WhiteElo "2589"]
[BlackElo "2524"]
[Annotator "TA"]
[PlyCount "51"]
[EventDate "2024.04.07"]
[EventType "team-tourn"]
[EventCountry "ITA"]
[SourceTitle "playchess.com"]
[Source "ChessBase"]
[SourceQuality "1"]
[TimeControl "40/5400+30:900+30"]

1. c4 Nf6 2. Nc3 c5 3. g3 e6 4. Nf3 b6 5. Bg2 Bb7 6. O-O Be7 7. d4 cxd4 8. Qxd4 d6 9. Bg5 a6 10. Bxf6 Bxf6 11. Qf4 O-O 12. Rfd1 Be7 13. Ne4 Bxe4 14. Qxe4 Ra7 $1 {[%emt 0:00:06] Black is weak on the light squares} 15. h4 Rd7 16. Nd4 Bf6 17. Rac1 {[%emt 0:12:52] White has an edge.} Qc7 18. e3 Rc8 19. Bh3 Kh8 20. Qb1 Nc6 21. Bg2 Nxd4 22. exd4 a5 23. b3 Re7 24. Bf3 g6 25. Kg2 h5 26. Qe4 {[%emt 0:09:26] Weighted Error Value: White=0.09 (flawless) /Black=0.04 (flawless) .  OK:         	White=1     	Black=4} 1/2-1/2

[Event "CIS Master Groups 2024"]
[Site "Vasto"]
[Date "2024.04.11"]
[Round "6.23"]
[White "Borgo, Giulio"]
[Black "Bifulco, Michel"]
[Result "1-0"]
[ECO "A20"]
[WhiteElo "2309"]
[BlackElo "2303"]
[Annotator "TA"]
[PlyCount "61"]
[EventDate "2024.04.07"]
[EventType "team-tourn"]
[EventCountry "ITA"]
[SourceTitle "playchess.com"]
[Source "ChessBase"]
[SourceQuality "1"]
[TimeControl "40/5400+30:900+30"]

1. c4 e5 2. e3 c5 3. Ne2 Nf6 4. a3 Nc6 5. Nbc3 Be7 6. Nd5 Nxd5 7. cxd5 Nb8 8. g3 {[%emt 0:06:31] White is slightly better.} d6 9. Bg2 O-O 10. O-O Nd7 11. f4 exf4 12. gxf4 f5 13. b4 b6 14. Rb1 Nf6 15. Bb2 Bd7 16. Ng3 Qe8 17. d3 Ng4 18. Qf3 Bh4 19. e4 Qg6 20. e5 cxb4 {[%emt 0:01:13] [#] Strongly threatening ...dxe5.} (20... dxe5 {keeps more tension.} 21. fxe5 f4 22. Ne2 Bf2+) 21. Ne2 (21. e6 $11 Bb5 22. Bd4 (22. axb4 Rfc8 $11)) 21... bxa3 $15 22. Bxa3 Be7 (22... dxe5 $1 $17 {stays on course. White must now prevent ...Rf7.} 23. Bxf8 Rxf8) 23. h3 $16 {[%emt 0:00:46][%mdl 1024] White has strong compensation.} Nh6 24. e6 $36 {[%emt 0:00:34][%mdl 2048] White is on the roll.} Bc8 {[%emt 0:04:13] This costs Black the game.} (24... Ba4 $16 25. Nd4 Rac8) 25. Rfc1 $18 Qf6 26. Rc7 Ba6 27. Bb2 Qh4 28. Ra1 Bb5 29. Nd4 (29. Rcxa7 $142 Rxa7 30. Rxa7) 29... Be8 $2 (29... a6 30. Rac1 (30. Qf2 Qxf2+ 31. Kxf2 Bf6 $18) 30... Rfe8) 30. Qe3 {[%emt 0:00:42][%cal Od4f3] [#] And now Nf3! would win.} ({But not} 30. Raxa7 Rxa7 31. Rxa7 Qe1+ 32. Qf1 Qb4 $18) 30... a5 (30... Bh5 $142 31. Nc6 (31. Rcxa7 Rxa7 32. Rxa7 Re8 $18) 31... Bf6 32. Bxf6 (32. Rcxa7 Rxa7 33. Rxa7 Bxb2 $11) 32... Qxf6) 31. Nf3 {[%emt 0:00:16][%csl LRb6,LRh4] Weighted Error Value: White=0.21 (precise) /Black=0.53.  Mistake:       	White=2     	Black=4      Inaccurate:     	White=2     	Black=3      OK:         	White=12    	Black=10     Best:        	White=1     	Black=1} 1-0

[Event "CIS Master Groups 2024"]
[Site "Vasto"]
[Date "2024.04.11"]
[Round "6.24"]
[White "Bertagnolli, Alexander"]
[Black "Podetti, Davide"]
[Result "1-0"]
[ECO "A45"]
[WhiteElo "2333"]
[BlackElo "2280"]
[Annotator "TA"]
[PlyCount "59"]
[EventDate "2024.04.07"]
[EventType "team-tourn"]
[EventCountry "ITA"]
[SourceTitle "playchess.com"]
[Source "ChessBase"]
[SourceQuality "1"]
[TimeControl "40/5400+30:900+30"]

1. d4 Nf6 2. Bg5 e6 3. e4 h6 4. Bxf6 Qxf6 5. c3 d6 6. Bd3 g6 7. Ne2 Bg7 8. f4 Qe7 {[%emt 0:01:44] The position is equal.} 9. e5 Nd7 10. O-O O-O 11. Nd2 b6 12. Be4 d5 (12... Rb8 $11 {remains equal.}) 13. Bd3 $16 c5 14. g4 {[%emt 0:00:21] White is more active.} Bb7 (14... Qh4 $14) 15. Nf3 f5 16. exf6 Rxf6 17. Ne5 (17. Qd2 $16) 17... Nf8 (17... g5 $14) 18. Qd2 $18 Rc8 19. Ng3 {[%emt 0:02:52] A dynamic duo of knights.} Bc6 20. h4 {[%emt 0:01:43][%cal Bh2h4,Bh4h5][%mdl 32] And now g5 would win.} Be8 (20... cxd4 $16 {might work better.} 21. cxd4 Rf7) 21. g5 Rf5 (21... Rf7 $142 22. Nxf7 (22. Bxg6 Nxg6 23. Nxg6 Qd6 $18) 22... Bxf7) 22. Bxf5 exf5 (22... gxf5 $142 23. Rae1 a5) 23. Rae1 {[%emt 0:00:55][%cal Oe5g6] aiming for Nxg6!} Qd6 {[%emt 0:01:31] [#]} 24. h5 $1 Rd8 (24... cxd4 25. gxh6) 25. a3 {[%emt 0:09:56] White is clearly winning.} Nh7 (25... hxg5 $142 26. hxg6 (26. fxg5 cxd4 27. cxd4 Bd7 $18) 26... Bxg6 27. Nxg6 (27. fxg5 Ne6 $18) 27... Qxg6 28. fxg5 Ne6 29. Nxf5 (29. Rxf5 cxd4 30. Qe2 Nc5 $18) 29... Qxg5+ 30. Qxg5 Nxg5 31. Ne7+ Kh7 32. dxc5 bxc5) 26. gxh6 Bxh6 27. Qh2 {[%emt 0:00:23] Threatens to win with hxg6.} Bg7 28. Kh1 Qf6 29. hxg6 Bxg6 30. Rg1 {[%emt 0:00:35] Weighted Error Value: White=0.26 (precise) /Black=0.62.  Mistake:       	White=1     	Black=7      Inaccurate:     	White=3     	Black=2      OK:         	White=5     	Black=4      Best:        	White=1     	---} 1-0